 Dungeon Crawl Stone Soup version 0.29-a0-872-g797fff5ad1 (webtiles) character file.

Game seed: 15672186245410151291

169 mcwallace the Chiller (level 5, -1/37 HPs)
             Began as a Gnoll Ice Elementalist on July 18, 2022.
             Slain by an adder (3 damage)
             ... on level 3 of the Dungeon.
             The game lasted 00:04:11 (3136 turns).

mcwallace the Chiller (Gnoll Ice Elementalist)      Turns: 3136, Time: 00:04:12

Health: -1/37      AC:  8    Str:  8    XL:     5   Next: 50%
Magic:  12/12      EV: 13    Int: 16    God:
Gold:   144        SH:  0    Dex: 12    Spells: 13/14 levels left

rFire   . . .      SeeInvis .   r - +2 morningstar (holy) {mace}
rCold   . . .      Faith    .   (no shield)
rNeg    . . .      Spirit   .   n - +2 robe {Will+}
rPois   .          Reflect  .   w - +1 helmet
rElec   .          Harm     .   (no cloak)
rCorr   .          Rampage  .   j - +1 pair of gloves
Will    +....                   (no boots)
Stlth   +++.......              (no amulet)
HPRegen 0.12/turn               c - ring of wizardry
MPRegen 0.13/turn               l - ring of flight

@: lethally poisoned (-1 -> -2), flying
A: fangs 1, strong nose, distributed training
a: no special abilities


You were on level 3 of the Dungeon.
You visited 1 branch of the dungeon, and saw 3 of its levels.

You collected 144 gold pieces.


Innate Abilities, Weirdness & Mutations

You have very sharp teeth.
Your uncanny sense of smell can sniff out nearby items.
Your experience applies equally to all skills.


   Skills:
 + Level 1.6 Fighting
 + Level 1.6 Short Blades
 + Level 1.6 Long Blades
 + Level 1.6 Axes
 + Level 1.6 Maces & Flails
 + Level 1.6 Polearms
 + Level 1.6 Staves
 + Level 1.6 Ranged Weapons
 + Level 1.6 Throwing
 + Level 1.6 Armour
 + Level 4.8 Dodging
 + Level 4.4 Stealth
 + Level 1.6 Shields
 + Level 1.6 Unarmed Combat
 + Level 5.2 Spellcasting
 + Level 1.2 Conjurations
 + Level 1.2 Hexes
 + Level 1.2 Summonings
 + Level 1.2 Necromancy
 + Level 1.2 Translocations
 + Level 1.2 Transmutations
 + Level 1.2 Fire Magic
 + Level 7.2 Ice Magic
 + Level 1.2 Air Magic
 + Level 1.2 Earth Magic
 + Level 1.2 Poison Magic
 + Level 1.8 Invocations
 + Level 1.6 Evocations


You had 13 spell levels left.
You knew the following spells:

 Your Spells              Type           Power      Damage    Failure   Level
a - Freeze                Ice            100%       1d11      1%          1

Your spell library contained the following spells:

 Spells                   Type           Power      Damage    Failure   Level
 Frozen Ramparts          Ice            54%        1d7       1%          3
 Ozocubu's Armour         Ice            27%        N/A       1%          3
 Hailstorm                Conj/Ice       17%        3d6       11%         4

Inventory:

Hand Weapons
 d - a +0 dagger {short}
   (You took it off a kobold on level 1 of the Dungeon)
 h - a +0 short sword {short}
   (You took it off a kobold on level 1 of the Dungeon)
 o - a +0 club {mace}
   (You took it off Jessica on level 2 of the Dungeon)
 r - a +2 morningstar of holy wrath (weapon) {mace}
   (You found it on level 2 of the Dungeon)
Missiles
 e - 24 stones {throwing}
Armour
 a - a +0 robe
 j - a +1 pair of gloves (worn)
   (You found it on level 1 of the Dungeon)
 m - a +0 scale mail
   (You found it on level 1 of the Dungeon)
 n - a +2 robe of willpower (worn)
   (You took it off Jessica on level 2 of the Dungeon)
 u - a +0 leather armour
   (You took it off a hobgoblin on level 2 of the Dungeon)
 v - a +0 animal skin
   (You took it off Robin on level 2 of the Dungeon)
 w - a +1 helmet (worn)
   (You took it off Robin on level 2 of the Dungeon)
 x - a +0 ring mail
   (You found it on level 2 of the Dungeon)
Jewellery
 c - a ring of wizardry (left hand)
   (You found it on level 1 of the Dungeon)
 l - a ring of flight (right hand)
   (You found it on level 1 of the Dungeon)
 y - a ring of ice
   (You found it on level 2 of the Dungeon)
Scrolls
 g - a scroll of teleportation {unknown}
 i - a scroll of identify {unknown}
 q - a scroll of blinking {unknown}
 t - a scroll of magic mapping {unknown}
 z - a scroll of amnesia {unknown}
Potions
 b - a potion of magic
 f - a potion of berserk rage {unknown}
 k - 2 potions of attraction {unknown}
 p - 2 potions of ambrosia {unknown}
 s - a potion of haste {unknown}

Dungeon Overview and Level Annotations

Branches:
Dungeon (3/15) Zot: 14796

Altars:
Trog

...........#
#.............#
..... #.......#
......#.....†.#
.$....#.#....##
......#.#.#'#......
.........rl.#......
........lSh.#...#..
.......b)@..#...# .
...............=#
....#.#.......... ∆
... #............#
.. ##.........$.#
#....#......#
#....#.....##
#....#.#####


You could see a howler monkey (catching breath), an adder, a quokka, a bat and 2
frilled lizards.


Message History

You take 3 damage, and now have 24/37 hp.
You completely miss the howler monkey. The bat misses you.
The howler monkey barely misses you. The howler monkey misses you.
The adder hisses angrily.
You puncture the howler monkey! The bat barely misses you.
The howler monkey hoots and howls with incredible vigour!
The adder misses you.
You hear a shout!
You hear an angry hiss. x2; You hear a bark! x2 😮 HP[+1]
You puncture the howler monkey! The bat barely misses you.
The howler monkey closely misses you. The adder bites you but does no damage.
The howler monkey barely misses you. The bat misses you.
The adder bites you. 😮 HP[-2]
You take 2 damage, and now have 23/37 hp.
You barely miss the howler monkey. The bat hits you but does no damage.
The bat closely misses you. The howler monkey barely misses you.
The adder bites you but does no damage.
A frilled lizard comes into view.
The howler monkey closely misses you.
You barely miss the howler monkey. The adder bites you.
You are poisoned.
The adder poisons you! The bat barely misses you.
The howler monkey hoots and howls with incredible vigour!
The adder closely misses you.
You hear an angry hiss. 😮 HP[-1]
You take 1 damage, and now have 22/37 hp.
You hit the howler monkey.
You feel sick. The bat hits you but does no damage.
The adder closely misses you. The howler monkey hits you.
* * * LOW HITPOINT WARNING * * *
The quokka bites you but does no damage.
The adder closely misses you. The quokka closely misses you.
The howler monkey closely misses you.
A frilled lizard comes into view. 😨 HP[-5]
You take 5 damage, and now have 17/37 hp.
You closely miss the howler monkey.
You bite the howler monkey, but do no damage.
You feel sick. The bat misses you. The adder barely misses you.
The howler monkey hits you but does no damage.
The quokka bites you but does no damage.
The bat hits you.
* * * LOW HITPOINT WARNING * * *
The adder barely misses you.
The quokka bites you but does no damage.
The howler monkey hits you.
* * * LOW HITPOINT WARNING * * *
😨 HP[-3]
You take 3 damage, and now have 14/37 hp.
The quokka attacks as you move away!
The quokka bites you but does no damage.
You feel sick. The bat hits you but does no damage. x2
The adder barely misses you.
The howler monkey hoots and howls with incredible vigour!
You hear a bark! x3; You hear a shout! 😨 HP[-1]
You take 1 damage, and now have 13/37 hp.
You reach down and open the door.
You feel sick.
You are no longer poisoned.
The bat closely misses you. x2; The adder completely misses you.
A kobold comes into view. It is wielding a +0 whip.
The howler monkey barely misses you.
The quokka bites you but does no damage.
The adder bites you but does no damage. 😨 HP[-1]
You take 1 damage, and now have 12/37 hp.
The adder attacks as you move away! The adder bites you.
* * * LOW HITPOINT WARNING * * *
You are poisoned.
The adder poisons you!
You feel sick. The bat hits you but does no damage.
The howler monkey hits you but does no damage.
There is an open door here. 😱 HP[-3]
You take 3 damage, and now have 9/37 hp.
The adder attacks as you move away! The adder barely misses you.
You feel sick. 😱 HP[-1]
You take 1 damage, and now have 8/37 hp.
There's a creature in the doorway!
You feel sick. The bat hits you but does no damage.
The howler monkey barely misses you. 😱 HP[-1]
You take 1 damage, and now have 7/37 hp.
You feel sick.
The bat hits you but does no damage. 😱 HP[-1]
You take 1 damage, and now have 6/37 hp.
You sock the kobold!
You kill the kobold!
You feel sick. The bat hits you.
* * * LOW HITPOINT WARNING * * *
The bat hits you.
* * * LOW HITPOINT WARNING * * *
The howler monkey hits you but does no damage.
The adder closely misses you. The frilled lizard closely misses you.
The howler monkey hoots and howls with incredible vigour!
The adder barely misses you.
You hear a shout! 😱 HP[-4]
You take 4 damage, and now have 2/37 hp.
The adder attacks as you move away! The adder bites you.
You die...

Skill      XL: |  1  2  3  4 |
---------------+-------------+-----
Spellcasting   | 5 |  5.2
Invocations    | 1 |  1.8
Fighting       | 1 |  1.6
Short Blades   | 1 |  1.6
Long Blades    | 1 |  1.6
Axes           | 1 |  1.6
Maces & Flails | 1 |  1.6
Polearms       | 1 |  1.6
Staves         | 1 |  1.6
Ranged Weapons | 1 |  1.6
Throwing       | 1 |  1.6
Armour         | 1 |  1.6
Shields        | 1 |  1.6
Unarmed Combat | 1 |  1.6
Evocations     | 1 |  1.6
Conjurations   | 1 |  1.2
Hexes          | 1 |  1.2
Summonings     | 1 |  1.2
Necromancy     | 1 |  1.2
Translocations | 1 |  1.2
Transmutations | 1 |  1.2
Fire Magic     | 1 |  1.2
Air Magic      | 1 |  1.2
Earth Magic    | 1 |  1.2
Poison Magic   | 1 |  1.2
Dodging        | |  4.8
Stealth        | |  4.4
Ice Magic      | |  7.2

Action                   |  1- 3 |  4- 6 || total
-------------------------+-------+-------++-------
Melee: Dagger            |    32 |       ||    32
       Bite              |    13 |    15 ||    28
       Unarmed           |     3 |       ||     3
       Short sword       |    99 |    24 ||   123
       Punch             |     1 |     1 ||     2
       Morningstar       |       |   135 ||   135
 Cast: Freeze            |    15 |     7 ||    22
 Stab: Sleeping          |     4 |     8 ||    12
Armor: Robe              |    37 |    89 ||   126
Dodge: Dodged            |   103 |   184 ||   287

Levels and vault maps discovered:
D:1:      nicolae_arrival_somewhat_less_tricky_arrival, layout_basic,
          chequers_ecumenical_altar_grove, minmay_worlds_worst_comb
D:2:      minmay_roachtagon, layout_basic, basic_altar, serial_bayou_pond_b,
          uniq_jessica, uniq_robin
D:3:      layout_basic, uniq_crazy_yiuf_cottage

Notes
Turn   | Place    | Note
-------+----------+-------------------------------------------
     0 | D:1      | mcwallace the Gnoll Ice Elementalist began the quest for
                  | the Orb.
     0 | D:1      | Reached XP level 1. HP: 13/13 MP: 6/6
     0 | D:1      | magus.rc [v1.9.6]
   305 | D:1      | Reached XP level 2. HP: 17/19 MP: 7/7
   692 | D:1      | Reached skill level 5 in Spellcasting
   692 | D:1      | Reached XP level 3. HP: 25/25 MP: 7/9
  1219 | D:1      | Reached skill level 1 in Invocations
  1474 | D:1      | Found a faded altar of an unknown god.
  1545 | D:1      | Reached skill level 1 in Fighting
  1545 | D:1      | Reached skill level 1 in Short Blades
  1545 | D:1      | Reached skill level 1 in Long Blades
  1545 | D:1      | Reached skill level 1 in Axes
  1545 | D:1      | Reached skill level 1 in Maces & Flails
  1545 | D:1      | Reached skill level 1 in Polearms
  1545 | D:1      | Reached skill level 1 in Staves
  1545 | D:1      | Reached skill level 1 in Ranged Weapons
  1545 | D:1      | Reached skill level 1 in Throwing
  1545 | D:1      | Reached skill level 1 in Armour
  1545 | D:1      | Reached skill level 1 in Shields
  1545 | D:1      | Reached skill level 1 in Unarmed Combat
  1545 | D:1      | Reached skill level 1 in Evocations
  1771 | D:2      | Noticed Jessica
  1778 | D:2      | Killed Jessica
  1779 | D:2      | Reached XP level 4. HP: 21/32 MP: 8/11
  1787 | D:2      | Reached skill level 1 in Conjurations
  1787 | D:2      | Reached skill level 1 in Hexes
  1787 | D:2      | Reached skill level 1 in Summonings
  1787 | D:2      | Reached skill level 1 in Necromancy
  1787 | D:2      | Reached skill level 1 in Translocations
  1787 | D:2      | Reached skill level 1 in Transmutations
  1787 | D:2      | Reached skill level 1 in Fire Magic
  1787 | D:2      | Reached skill level 1 in Air Magic
  1787 | D:2      | Reached skill level 1 in Earth Magic
  1787 | D:2      | Reached skill level 1 in Poison Magic
  2200 | D:2      | Found a bloodstained altar of Trog.
  2420 | D:2      | Reached XP level 5. HP: 27/37 MP: 12/12
  2583 | D:2      | Noticed Robin
  2590 | D:2      | Killed Robin
  3131 | D:3      | HP: 9/37 [poisoned by an adder]
  3135 | D:3      | HP: 4/37 [poisoned by an adder]
  3136 | D:3      | Slain by an adder

Vanquished Creatures
  Jessica (D:2)
  Robin (D:2)
  A gnoll (D:1)
  2 adders (D:2)
  A worm (D:2)
  2 dart slugs
  5 ball pythons
  8 bats
  6 endoplasms
  17 giant cockroaches
  9 goblins
  7 hobgoblins
  11 jackals
  2 frilled lizards
  7 kobolds
  5 rats
85 creatures vanquished.

Table legend:
 A = Non-vault XP
 B = Vault XP
 C = Vault XP percentage of total XP
 D = Non-vault monster count
 E = Vault monster count
 F = Vault count percentage of total count
                 A         B        C        D         E       F
            +---------+---------+-------+---------+---------+-------
      Total |     138 |     104 |  43.0 |      55 |      30 |  35.3
            +---------+---------+-------+---------+---------+-------
        D:1 |      63 |      10 |  13.7 |      28 |       5 |  15.2
        D:2 |      61 |      94 |  60.6 |      20 |      25 |  55.6
        D:3 |      14 |       0 |   0.0 |       7 |       0 |   0.0
            +---------+---------+-------+---------+---------+-------

Illustrated notes

Table legend:
 A = Kills in this place as a percentage of kills in entire the game.
 B = Kills by you in this place as a percentage of kills by you in the entire game.
 C = Kills by friends in this place as a percentage of kills by friends in the entire game.
 D = Other kills in this place as a percentage of other kills in the entire game.
 E = Experience gained in this place as a percentage of experience gained in the entire game.
 F = Experience gained in this place divided by the number of levels of this place that you have seen.
                   A       B       C       D       E      F
               +-------+-------+-------+-------+-------+----------------------
         Total | 100.0 | 100.0 |   N/A |   N/A | 100.0 |  80.7
       Dungeon | 100.0 | 100.0 |   N/A |   N/A | 100.0 |  80.7
               +-------+-------+-------+-------+-------+----------------------

Table legend: (Time is in decaauts)
 A = Elapsed time spent in this place.
 B = Non-inter-level travel time spent in this place.
 C = Inter-level travel time spent in this place.
 D = Time resting spent in this place.
 E = Time spent auto-exploring this place.
 F = Levels seen in this place.
 G = Mean time per level.
                   A        B        C        D        E       F      G
               +--------+--------+--------+--------+--------+-----+--------+
         Total |   3203 |   3162 |     41 |      0 |   2484 |   3 | 1067.7 |
       Dungeon |   3203 |   3162 |     41 |      0 |   2484 |   3 | 1067.7 |
               +--------+--------+--------+--------+--------+-----+--------+

Top non-repeatable levels by time:
     D:1: 1774 daAuts
     D:2: 1383 daAuts
     D:3: 45 daAuts
